AoeStats
← Sara

Arena

507558839Analyzed
4v4 RM · 12d ago on Sep 18, 2026· 111m 34s· 8 players
Game mode
Random Map
Map size
Large (8 player)
Population
200
Speed
Normal
Resources
Standard
Victory
Conquest
Starting age
Dark Age
Ending age
Imperial Age
RankedLock teamsTeams togetherTeam positionsShared explorationLock speedFull tech treeHidden civsTurbo modeCheats
Victory
Defeat
🇹🇷 Persians · Türkiye
697
+16
🇮🇳 Goths · India
678
+17
🇪🇸 Jurchens · Spain
634
+18
619
+19
🇫🇷 Khmer · France
712
-18
🇨🇦 Spanish · Canada
708
-18
🇨🇦 Burgundians · Canada
680
-17
🇲🇽 Vietnamese · Mexico
667
-17
santiagocasabsalado
10:23 Feudal Age
12:12 Wheelbarrow
11:43 Double-Bit Axe
11:42 Horse Collar
23:03 Castle Age
21:56 Stone Mining
21:56 Gold Mining
22:45 Padded Archer Armor
23:26 Fletching
27:23 Leather Archer Armor
28:43 Hand Cart
30:50 Bow Saw
31:23 Heavy Plow
32:50 Bodkin Arrow
33:06 Forging
33:02 Scale Barding Armor
35:27 Caravan
35:51 Chain Barding Armor
35:45 Chatras
36:01 Pikeman
36:42 Squires
43:00 Imperial Age
40:31 Elite Skirmisher
43:48 Fortified Wall
Point and Click
13:45 Feudal Age
14:42 Feudal Age
15:24 Double-Bit Axe
15:22 Horse Collar
20:41 Castle Age
24:33 Imperial Age
23:10 Bow Saw
23:04 Heavy Plow
24:20 Bloodlines
27:10 Scale Barding Armor
27:18 Forging
27:59 Gold Mining
29:29 Chemistry
28:52 Siege Engineers
29:58 Crop Rotation
29:29 Stone Mining
29:55 Town Watch
29:59 Loom
30:50 Wheelbarrow
31:40 Caravan
32:24 Husbandry
32:44 Hand Cart
32:36 Town Patrol
33:41 Double Crossbow
35:36 Elite Ballista Elephant
54:34 Onager
60:01 Pikeman
65:09 Scale Mail Armor
65:45 Iron Casting
65:24 Halberdier
70:46 Blast Furnace
70:05 Chain Mail Armor
70:19 Arson
76:14 Man-at-Arms
vajamian
14:13 Feudal Age
15:03 Double-Bit Axe
15:03 Horse Collar
16:18 Wheelbarrow
22:02 Castle Age
23:07 Heavy Plow
23:21 Bow Saw
23:16 Caravan
23:49 Pikeman
24:29 Squires
25:09 Fervor
26:37 Hand Cart
28:55 Bloodlines
31:33 Husbandry
36:36 Imperial Age
38:17 Chemistry
37:41 Conscription
38:30 Two-Man Saw
38:33 Scale Mail Armor
38:38 Scale Barding Armor
38:24 Fletching
38:35 Padded Archer Armor
39:31 Chain Mail Armor
39:26 Forging
38:42 Halberdier
40:34 Chain Barding Armor
41:03 Bodkin Arrow
40:39 Cavalier
42:49 Plate Mail Armor
42:35 Leather Archer Armor
45:48 Bracer
48:29 Ring Archer Armor
48:36 Iron Casting
49:30 Elite Conquistador
56:18 Paladin
58:35 Plate Barding Armor
59:02 Blast Furnace
58:14 Masonry
57:59 Murder Holes
58:15 Fortified Wall
61:29 Architecture
o.petos
1:11 Loom
2:14 Loom
11:43 Feudal Age
10:43 Double-Bit Axe
16:39 Horse Collar
17:25 Bow Saw
18:23 Wheelbarrow
18:23 Gold Mining
18:40 Heavy Plow
18:32 Arson
21:45 Caravan
22:47 Stone Mining
25:51 Castle Age
27:52 Town Watch
30:52 Two-Man Saw
32:29 Burgundian Vineyards
33:16 Ballistics
32:55 Murder Holes
33:55 Husbandry
33:16 Cavalier
34:34 Hand Cart
36:31 Gold Shaft Mining
36:56 Fletching
37:07 Scale Mail Armor
42:10 Imperial Age
41:00 Bodkin Arrow
41:21 Chain Mail Armor
41:12 Scale Barding Armor
41:19 Forging
41:22 Fortified Wall
43:29 Conscription
45:32 Chemistry
44:19 Arrowslits
44:38 Bracer
46:10 Town Patrol
46:29 Capped Ram
49:31 Padded Archer Armor
50:07 Iron Casting
54:53 Stone Shaft Mining
56:29 Coinage
56:10 Guilds
56:22 Chain Barding Armor
57:03 Blast Furnace
57:28 Light Cavalry
60:27 Leather Archer Armor
60:43 Plate Mail Armor
66:26 Treadmill Crane
73:10 Squires
74:11 Crop Rotation
73:10 Pikeman
76:55 Halberdier
80:18 Hussar
Garp.exe 🤣👊⚡👊⚡
11:50 Feudal Age
18:28 Castle Age
16:37 Double-Bit Axe
24:02 Gold Mining
24:33 Scale Mail Armor
24:34 Padded Archer Armor
26:33 Pikeman
29:59 Crossbowman
31:20 Elite Skirmisher
39:21 Leather Archer Armor
47:53 Imperial Age
46:14 Bow Saw
47:07 Forging
49:07 Iron Casting
50:42 Chemistry
52:30 Wheelbarrow
51:29 Elite Keshik
52:33 Halberdier
54:31 Ring Archer Armor
56:46 Blast Furnace
56:37 Fletching
57:24 Conscription
61:52 Scale Barding Armor
62:11 Squires
63:10 Horse Collar
65:34 Heavy Plow
67:44 Silk Armor
70:25 Chain Barding Armor
70:39 Masonry
71:49 Plate Barding Armor
Sara
13:07 Feudal Age
14:29 Wheelbarrow
13:49 Gold Mining
13:45 Double-Bit Axe
13:42 Horse Collar
20:16 Stone Mining
20:39 Scale Barding Armor
22:47 Castle Age
20:41 Stone Mining
24:14 Hand Cart
24:13 Bow Saw
24:12 Heavy Plow
27:17 Imperial Age
26:27 Stone Shaft Mining
26:00 Caravan
27:27 Scale Barding Armor
27:35 Forging
29:52 Gold Shaft Mining
29:53 Crop Rotation
31:11 Two-Man Saw
30:22 Treadmill Crane
31:23 Conscription
32:10 Fortified Bastions
33:14 Chemistry
34:08 Elite Iron Pagoda
37:37 Thunderclap Bombs
37:53 Chain Barding Armor
37:35 Scale Mail Armor
38:16 Heavy Scorpion
39:57 Padded Archer Armor
39:47 Fletching
40:33 Plate Barding Armor
40:14 Chain Mail Armor
40:35 Iron Casting
40:03 Squires
39:49 Gambesons
40:34 Ballistics
42:08 Bloodlines
41:59 Husbandry
41:20 Light Cavalry
42:30 Heavy Rocket Cart
43:38 Leather Archer Armor
43:18 Bodkin Arrow
51:49 Blast Furnace
50:49 Bracer
51:19 Ring Archer Armor
50:20 Crossbowman
50:21 Elite Skirmisher
50:27 Elite Steppe Lancer
52:46 Hussar
102:09 Pikeman
I MISS HER
14:07 Feudal Age
14:43 Double-Bit Axe
14:50 Horse Collar
20:30 Castle Age
18:39 Stone Mining
19:15 Man-at-Arms
21:20 Bow Saw
23:15 Wheelbarrow
24:12 Stone Shaft Mining
23:31 Gold Mining
28:47 Husbandry
28:58 Bloodlines
29:41 Caravan
33:43 Imperial Age
31:29 Hand Cart
31:33 Heavy Plow
33:15 Padded Archer Armor
33:05 Fletching
33:21 Scale Barding Armor
33:54 Kamandaran
33:28 Pikeman
33:35 Cavalier
34:32 Elite Skirmisher
35:19 Thumb Ring
34:35 Crossbowman
37:45 Chemistry
37:40 Gold Shaft Mining
48:44 Halberdier
49:25 Squires
49:10 Gambesons
50:20 Heavy Scorpion
52:04 Forging
51:54 Scale Mail Armor
53:14 Savar
64:21 Chain Barding Armor
72:22 Light Cavalry
78:44 Chain Mail Armor
79:04 Iron Casting
79:05 Plate Barding Armor
78:29 Hussar
80:52 Plate Mail Armor
83:53 Blast Furnace
101:09 Arson
House of Huns
0:31 Loom
14:26 Feudal Age
18:42 Castle Age
16:32 Double-Bit Axe
16:29 Horse Collar
22:55 Fervor
28:02 Bow Saw
27:55 Heavy Plow
27:56 Gold Mining
28:18 Forging
28:09 Scale Mail Armor
29:40 Caravan
33:02 Imperial Age
31:23 Man-at-Arms
31:24 Pikeman
32:04 Squires
32:43 Iron Casting
32:08 Scale Mail Armor
32:37 Anarchy
32:02 Long Swordsman
34:12 Wheelbarrow
33:22 Town Watch
33:50 Perfusion
34:11 Conscription
34:33 Town Patrol
35:37 Blast Furnace
34:52 Chain Mail Armor
34:48 Elite Huskarl
36:23 Hand Cart
36:53 Crop Rotation
37:25 Two-Man Saw
35:55 Two-Handed Swordsman
35:56 Halberdier
37:12 Champion
Connection lost

Rejoining the realm…

Still unreachable

The connection could not be restored.

Session expired

The server has moved on; the page needs a fresh start.